 Dungeon Crawl Stone Soup version 0.22-a0-542-gce4f928 (webtiles) character file.

2657 inc the Covert (level 9, 0/58 HPs)
             Began as an Octopode Enchanter on June 24, 2018.
             Was an Initiate of Gozag.
             Slain by a cyan ugly thing (15 damage)
             ... on level 6 of the Dungeon.
             The game lasted 00:20:54 (8189 turns).

inc the Covert (Octopode Enchanter)                 Turns: 8189, Time: 00:20:55

Health: 0/58       AC:  3    Str: 12    XL:     9   Next: 62%
Magic:  4/17       EV: 17    Int: 20    God:    Gozag
Gold:   753        SH:  0    Dex: 13    Spells: 13/19 levels left

rFire    x . .     SeeInvis .   v - +7 rapier of Calamity {drain, *Contam +Blink rElec Str+5}
rCold    + . .     Gourm    .   (no shield)
rNeg     . . .     Faith    .   n - +2 hat
rPois    .         Spirit   .   t - amulet of the acrobat
rElec    +         Reflect  .   e - ring of ice
rCorr    .         Harm     .   u - +4 ring of evasion
MR       .....                  (no ring)
Stlth    +++++.....             (no ring)
HPRegen  0.19/turn              (no ring)
MPRegen  0.15/turn              (no ring)
                                (no ring)
                                (no ring)

@: no status effects
A: almost no armour, stealthy swim, amphibious, 8 rings, constrict 8, camouflage
1, gelatinous body 1
a: Potion Petition, Call Merchant, Bribe Branch, Renounce Religion, Evoke Blink


You were on level 6 of the Dungeon.
You worshipped Gozag.
Gozag was pleased with you.
You were not hungry.

You visited 2 branches of the dungeon, and saw 9 of its levels.

You collected 790 gold pieces.
You paid 37 gold pieces to Gozag.

Inventory:

Hand Weapons
 a - a +2 dagger
 v - the +7 rapier of Calamity (weapon) {drain, *Contam +Blink rElec Str+5}
   (You found it on level 4 of the Dungeon)

   A truly terrible weapon, it drains the life of those it strikes.
   It affects your strength (+5).
   It insulates you from electricity.
   It lets you blink.
   It causes magical contamination when unequipped.
Armour
 n - a +2 hat (worn)
Jewellery
 e - a ring of ice (left tentacle)
 t - an amulet of the acrobat (around mantle)
 u - a +4 ring of evasion (right tentacle)
 x - a -2 ring of slaying
 y - an uncursed amulet of regeneration
 D - an uncursed amulet of rage
 K - an uncursed ring of see invisible {unknown}
Wands
 j - a wand of paralysis (17)
 o - a wand of iceblast (10)
 C - a wand of polymorph (14)
Scrolls
 h - a scroll of enchant weapon
 k - a scroll of fog {unknown}
 l - a scroll of enchant armour {unknown}
 p - 2 scrolls of blinking {unknown}
 q - a scroll of magic mapping {unknown}
 r - 2 scrolls of teleportation
 w - a scroll of noise {unknown}
 B - 2 scrolls of immolation {unknown}
 F - a scroll of random uselessness {unknown}
 H - 2 scrolls of remove curse
Potions
 b - 4 potions of might
 d - 4 potions of curing
 f - a potion of mutation {unknown}
 g - 2 potions of cancellation
 i - 4 potions of heal wounds
 m - 2 potions of degeneration {unknown}
 s - 2 potions of resistance
 z - 2 potions of brilliance {unknown}
 A - 2 potions of ambrosia {unknown}
 E - a potion of invisibility {unknown}
 G - 2 potions of magic {unknown}
 I - a potion of flight {unknown}
 J - a potion of berserk rage {unknown}
 L - a potion of haste {unknown}
Comestibles
 c - 6 rations


   Skills:
 - Level 4.2 Fighting
 - Level 2.0 Short Blades
 - Level 2.0 Dodging
 + Level 8.8 Stealth
 - Level 5.7 Spellcasting
 - Level 6.9 Hexes
 - Level 5.7 Ice Magic


You had 13 spell levels left.
You knew the following spells:

 Your Spells              Type           Power        Failure   Level  Hunger
a - Corona                Hex            ####...      1%          1    None
b - Ensorcelled Hibernat  Hex/Ice        #####.       1%          2    None
c - Confuse               Hex            ####....     1%          3    ##.....

Your spell library contained the following spells:

 Spells                   Type           Power        Failure   Level  Hunger
 Throw Frost              Conj/Ice       ####..       4%          2    None
 Mephitic Cloud           Conj/Pois/Air  #.......     32%         3    ##.....
 Venom Bolt               Conj/Pois      #.........   96%         5    #####..
 Olgreb's Toxic Radiance  Pois           #.......     71%         4    ####...
 Freeze                   Ice            ####         1%          1    None
 Summon Ice Beast         Ice/Summ       ####....     32%         4    ####...
 Ozocubu's Armour         Chrm/Ice       ####....     10%         3    ##.....
 Sting                    Conj/Pois      #...         11%         1    None
 Tukima's Dance           Hex            ####....     1%          3    ##.....
 Throw Icicle             Conj/Ice       ####....     32%         4    ####...
 Confusing Touch          Hex            ####..       1%          1    None
 Metabolic Englaciation   Hex/Ice        #####.....   22%         5    #####..
 Petrify                  Tmut/Erth      #.......     71%         4    ####...
 Dazzling Spray           Conj/Hex       ###...       8%          3    ##.....
 Gell's Gravitas          Tloc           #.........   32%         3    ##.....
 Yara's Violent Unravell  Hex/Tmut       ###.......   56%         5    #####..
 Poisonous Vapours        Pois/Air       #.....       16%         2    None


Dungeon Overview and Level Annotations

Branches:
Dungeon (8/15)             Temple (1/1) D:4
   Lair: D:8-11

Altars:
Ashenzari
Cheibriados
Elyvilon
Fedhas
Gozag
Hepliaklqana
Kikubaaqudgha
Makhleb
Nemelex Xobeh
Okawaru
Qazlal
Sif Muna
Trog
Uskayaw
Vehumet
Wu Jian
Xom
Yredelemnul
Zin
The Shining One

Shops:
D:5 ?   D:6 :


Innate Abilities, Weirdness & Mutations

You cannot wear most types of armour.
You are very stealthy in the water. (Stealth+)
You are amphibious.
You can wear up to eight rings at the same time.
You can use your tentacles to constrict eight enemies at once.
Your skin changes colour to match your surroundings (Stealth+).
Your rubbery body absorbs attacks. (AC +1, EV +1)


Message History

The cyan ugly thing shocks you. You resist.
* * * LOW HITPOINT WARNING * * *
Casting: Ensorcelled Hibernation (safe; 1% risk of failure)
Confirm with . or Enter, or press ? or * to list all spells.
Aiming: Ensorcelled Hibernation (safe; 1% risk of failure)
Press: ? - help, Shift-Dir - straight line, f/p - cyan ugly thing
Aim: a cyan ugly thing (severely wounded, constricted by you, lightly drained, chance to defeat MR: 57%)
You feel a surge of power!
The cyan ugly thing resists with significant effort.
You constrict the cyan ugly thing. The cyan ugly thing closely misses you.
Casting: Ensorcelled Hibernation (safe; 1% risk of failure)
Confirm with . or Enter, or press ? or * to list all spells.
Aiming: Ensorcelled Hibernation (safe; 1% risk of failure)
Press: ? - help, Shift-Dir - straight line, f/p - cyan ugly thing
Aim: a cyan ugly thing (severely wounded, constricted by you, lightly drained, chance to defeat MR: 57%)
You feel a surge of power!
The cyan ugly thing resists with significant effort.
You constrict the cyan ugly thing. The cyan ugly thing tentacle-slaps you!
You die...
Your body crumbles into a pile of gold.

##.....#
###.....[###########
+###.....#.[..∩.......#
.........#............#
.........#.......[....#
#........#........[...#
##########............#
..#### #............#
.....# ##.....@...###
..##.# #....u###.#
...#.# #.....# #.#
.....# #.....# #.#
....## #.....# #.# ....#
#....## #.# ....# #.####
#.####
....#######.#######....#
...................###.#


You could see a cyan ugly thing.

Vanquished Creatures
  A hippogriff (D:7)
  Eustachio (D:6)
  A hungry ghost (D:7)
  Menkaure (D:3)
  Edmund (D:6)
  4 ice beasts
  2 phantoms
  2 ogres (D:4)
  3 centaurs
  2 bullfrogs
  A wyvern skeleton (D:7)
  A scorpion (D:4)
  2 howler monkeys
  2 hounds
  A crimson imp (D:5)
  4 orc priests
  Crazy Yiuf (D:4)
  A jelly (D:5)
  4 orc wizards
  Terence (D:3)
  2 iguanas
  2 worker ants
  A hound zombie (D:5)
  3 gnolls (D:6)
  A howler monkey skeleton (D:7)
  3 adders
  An adder skeleton (D:4)
  6 worms
  3 dart slugs
  5 leopard geckos
  17 orcs
  A ball python (D:2)
  7 bats
  3 giant cockroaches
  7 goblins
  8 hobgoblins
  16 jackals
  8 kobolds
  4 quokkas
  5 frilled lizards
  A giant cockroach zombie (D:6)
  A leopard gecko skeleton (D:6)
  5 rats
146 creatures vanquished.

Notes
Turn   | Place    | Note
-------+----------+-------------------------------------------
     0 | D:1      | inc the Octopode Enchanter began the quest for the Orb.
     0 | D:1      | Reached XP level 1. HP: 11/11 MP: 3/3
   268 | D:1      | Reached XP level 2. HP: 17/17 MP: 5/5
   272 | D:1      | Learned a level 2 spell: Ensorcelled Hibernation
   493 | D:1      | Reached skill level 1 in Ice Magic
   845 | D:1      | Reached XP level 3. HP: 15/21 MP: 0/6
   856 | D:1      | Learned a level 3 spell: Confuse
  2155 | D:2      | Found a deep blue altar of Sif Muna.
  2253 | D:2      | Reached XP level 4. HP: 27/27 MP: 7/7
  2773 | D:3      | Found a hide-covered altar of Uskayaw.
  2985 | D:3      | Noticed Terence
  3015 | D:3      | Killed Terence
  3179 | D:3      | Reached XP level 5. HP: 30/31 MP: 5/8
  3433 | D:4      | Got a steaming rapier
  3436 | D:4      | Identified the +7 rapier of Calamity {drain, *Contam +Blink rElec Str+5} (You found it on level 4 of the Dungeon)
  3500 | D:4      | Found a basalt altar of Yredelemnul.
  3506 | D:4      | Found a glowing silver altar of Zin.
  3511 | D:4      | Found an ancient bone altar of Kikubaaqudgha.
  3699 | D:4      | Reached XP level 6. HP: 32/36 MP: 4/11
  3863 | D:4      | Found an ornate altar of the Wu Jian Council.
  3927 | D:4      | Noticed Menkaure
  3980 | D:3      | Killed Menkaure
  3980 | D:3      | Reached XP level 7. HP: 26/41 MP: 7/14
  4339 | D:4      | Reached skill level 5 in Spellcasting
  4521 | D:4      | Reached skill level 5 in Stealth
  4756 | D:4      | Found a stormy altar of Qazlal.
  4874 | D:4      | Found a staircase to the Ecumenical Temple.
  4879 | Temple   | Entered the Ecumenical Temple
  5056 | Temple   | Became a worshipper of Gozag Ym Sagoz the Greedy
  5323 | D:4      | Found a runed door.
  5327 | D:4      | Noticed Crazy Yiuf
  5331 | D:4      | Killed Crazy Yiuf
  5369 | D:5      | Entered Level 5 of the Dungeon
  5540 | D:5      | Reached XP level 8. HP: 35/46 MP: 3/16
  5634 | D:5      | Reached skill level 5 in Hexes
  5682 | D:5      | Reached skill level 5 in Ice Magic
  6118 | D:5      | Found Zienuhel's Magic Scroll Emporium.
  6378 | D:6      | Noticed Eustachio
  6429 | D:6      | Killed Eustachio
  6506 | D:6      | Noticed Edmund
  6508 | D:6      | Found Tezxute's Book Emporium.
  6516 | D:6      | Killed Edmund
  6589 | D:6      | Found a burning altar of Makhleb.
  6637 | D:6      | Reached skill level 1 in Fighting
  6783 | D:6      | Reached XP level 9. HP: 53/53 MP: 17/17
  7257 | D:6      | Noticed a cyan ugly thing
  7847 | D:7      | Reached skill level 6 in Stealth
  7884 | D:7      | Reached skill level 7 in Stealth
  7951 | D:7      | Reached skill level 8 in Stealth
  8189 | D:6      | Slain by a cyan ugly thing

Vault maps used:
D:1:      minmay_arrival_floating_metal, nrook_mini_backslash, nrook_uturn,
          minivault_11
D:2:      nicolae_overflow_crystal_walls, minmay_misc_feat_alley
D:3:      minmay_door_path, lemuel_round_altar, uniq_terence
D:4:      kennysheep_mini, old_standard_altar, minmay_overflow_temple_star_quad,
          minmay_temple_entry_nine_rooms, first_ration, uniq_crazy_yiuf_cottage,
          uniq_menkaure
D:5:      serial_shops, kennysheep_mini_moat
D:6:      bloody_makhleb, serial_shops, shop, grunt_potential, uniq_eustachio,
          uniq_edmund
D:8:      the_bakery, uniq_maurice
Temple:   minmay_temple_forest_path

Skill      XL: |  1  2  3  4  5  6  7  8  9 |
---------------+----------------------------+-----
Short Blades   | 2 |  2.0
Ice Magic      | 1 2 3 4 5 |  5.7
Hexes          | 4 6 |  6.9
Spellcasting   | 3 4 5 |  5.7
Stealth        | 5 8 |  8.8
Fighting       | 1 4 |  4.2
Dodging        | |  2.0

Action                   |  1- 3 |  4- 6 |  7- 9 || total
-------------------------+-------+-------+-------++-------
Melee: Dagger            |    76 |    32 |       ||   108
       Constrict         |    14 |    12 |    19 ||    45
       Tentacles         |     5 |     7 |    19 ||    31
       Rapier            |       |    22 |   130 ||   152
 Cast: Ensorcelled Hiber |    35 |    29 |    60 ||   124
       Corona            |     1 |       |       ||     1
       Confuse           |       |     3 |     9 ||    12
  Use: Scroll            |     2 |     7 |     3 ||    12
       Potion            |       |     1 |       ||     1
 Stab: Sleeping          |    27 |    26 |    40 ||    93
       Confused          |       |       |     4 ||     4
       Distracted        |       |       |     1 ||     1
  Eat: Chunk             |     6 |     8 |     3 ||    17
       Ration            |       |       |     4 ||     4
Armor: Skin              |    13 |     2 |     9 ||    24
Dodge: Dodged            |    79 |    22 |    72 ||   173

Table legend:
 A = Spawn XP
 B = Non-spawn XP
 C = Spawn XP percentage of total XP
 D = Spawn monster count
 E = Non-spawn monster count
 F = Spawn count percentage of total count
 G = Total turns spent on level
                    A         B        C        D         E        F      G
               +---------+---------+-------+---------+---------+-------+---------
         Total |       0 |    3796 |   0.0 |       0 |     146 |   0.0 |  8189
               +---------+---------+-------+---------+---------+-------+---------
           D:1 |       0 |      52 |   0.0 |       0 |      30 |   0.0 |  1821
           D:2 |       0 |      61 |   0.0 |       0 |      23 |   0.0 |   947
           D:3 |       0 |     238 |   0.0 |       0 |      13 |   0.0 |   772
           D:4 |       0 |     737 |   0.0 |       0 |      22 |   0.0 |  1466
           D:5 |       0 |     753 |   0.0 |       0 |      20 |   0.0 |   985
           D:6 |       0 |     815 |   0.0 |       0 |      28 |   0.0 |  1129
           D:7 |       0 |     774 |   0.0 |       0 |       6 |   0.0 |   422
           D:8 |       0 |     366 |   0.0 |       0 |       4 |   0.0 |   284
               +---------+---------+-------+---------+---------+-------+---------
